 Dungeon Crawl Stone Soup version 0.27.1-2-g3b301248ec (webtiles) character file.

Game seed: 6641395905438693094

21 MajorAdolf the Changer (level 2, -1/26 HPs)
             Began as a Naga Wanderer on Sept 29, 2021.
             Slain by a jackal (2 damage)
             ... on level 1 of the Dungeon.
             The game lasted 00:01:58 (810 turns).

MajorAdolf the Changer (Naga Wanderer)               Turns: 810, Time: 00:01:59

Health: -1/26      AC:  1    Str: 16    XL:     2   Next: 83%
Magic:  2/4        EV:  9    Int: 12    God:
Gold:   0          SH:  0    Dex:  8    Spells: 3/4 levels left

rFire    + . .     SeeInvis +   a - +0 short sword
rCold    + . .     Faith    .   (no shield)
rNeg     . . .     Spirit   .   c - +0 robe
rPois    +         Reflect  .   (no helmet)
rElec    +         Harm     .   (no cloak)
rCorr    +         Rampage  .   (no gloves)
Will     .....                  (no barding)
Stlth    +.........             (no amulet)
HPRegen  0.08/turn              (no ring)
MPRegen  0.09/turn              (no ring)

@: short of breath, resistant, attractive, very slow
A: AC +0, large, see invisible, deformed body, poison resistance, slowness 2,
spit poison 1, naga tail 1
a: Spit Poison


You were on level 1 of the Dungeon.
You visited 1 branch of the dungeon, and saw 1 of its levels.

Inventory:

Hand Weapons
 a - a +0 short sword (weapon)
Armour
 c - a +0 robe (worn)
Scrolls
 b - a scroll of teleportation
Potions
 d - a potion of attraction


   Skills:
 - Level 2.1 Fighting
 - Level 1.0 Staves
 - Level 1.0 Throwing
 - Level 1.5 Dodging
 - Level 0.7 Stealth
 + Level 1.6 Spellcasting
 + Level 1.2 Conjurations
 - Level 2.1 Transmutations
 - Level 1.0 Evocations


You had 3 spell levels left.
You knew the following spells:

 Your Spells              Type           Power      Damage    Failure   Level
a - Magic Dart            Conj           16%        1d3       17%         1

Your spell library contained the following spells:

 Spells                   Type           Power      Damage    Failure   Level
 Blink                    Tloc           N/A        N/A       38%         2
 Call Imp                 Summ           1%         N/A       38%         2
 Slow                     Hex            1%         N/A       38%         2
 Conjure Flame            Conj/Fire      2%         6-21      54%         3
 Mephitic Cloud           Conj/Pois/Air  2%         N/A       56%         3


Dungeon Overview and Level Annotations

Branches:
Dungeon (1/15)

Altars:


Innate Abilities, Weirdness & Mutations

Your serpentine skin is tough. (AC +0)
You have supernaturally acute eyesight. (SInv)
Armour fits poorly on your strangely shaped body.
Your system is resistant to poisons. (rPois)
You cover ground very slowly.
You can spit poison.
You have a snake-like lower body.


Message History

You kill the jackal!
The jackal bites you. x2
You have got your breath back.
The jackal bites you. The jackal bites you. The jackal bites you.
The jackal bites you. The jackal closely misses you.
The jackal bites you but does no damage.
The jackal bites you.
Press: ? - help, Shift-Dir - straight line, f - jackal
Aim: a jackal The splash of poison misses the jackal. x2; The jackal bites you. x2
Unknown command.
You hit the jackal.
You kill the jackal!
You hit the jackal.
The jackal is moderately wounded.
You have got your breath back.
The jackal bites you.
* * * LOW HITPOINT WARNING * * *
The jackal bites you.
* * * LOW HITPOINT WARNING * * *
Okay, then.
It was a potion of attraction.
You feel attractive to monsters. The jackal bites you.
* * * LOW HITPOINT WARNING * * *
It was a potion of resistance.
You feel protected. The jackal bites you.
* * * LOW HITPOINT WARNING * * *
Press: ? - help, Shift-Dir - straight line, f - jackal
Aim: a jackal (moderately wounded)
The splash of poison misses the jackal. x2; The jackal misses you.
The jackal completely misses you.
Unknown command.
A frilled lizard comes into view.
The jackal bites you.
You die...

. #.##.#.###.##.#
#.##..###
..#####.##.#.#
#.##.#####......#
........†....#
#.##............#
....$h..##.#.#
#.############..#
...####.##.#.#
#.# #..# ..
#.##..h# #.# #..#
. #.####.# #..
...# #.#
#.########### #.#
#..hh@......l #†#
############# .#


You could see 2 jackals and a frilled lizard (asleep).

Vanquished Creatures
  2 goblins (D:1)
  A hobgoblin (D:1)
  8 jackals (D:1)
  A quokka (D:1)
  A ball python (D:1)
  A bat (D:1)
  A frilled lizard (D:1)
  3 rats (D:1)
18 creatures vanquished.

Notes
Turn   | Place    | Note
-------+----------+-------------------------------------------
     0 | D:1      | MajorAdolf the Naga Wanderer began the quest for the Orb.
     0 | D:1      | MajorAdolf set off with the following items: a +0 short
                  | sword, a scroll of teleportation, a +0 robe; and the
                  | following spell memorised: Magic Dart; and the following
                  | spells available to memorise: Blink, Call Imp, Slow,
                  | Conjure Flame, Mephitic Cloud
     0 | D:1      | Reached XP level 1. HP: 19/19 MP: 2/2
   234 | D:1      | Reached XP level 2. HP: 26/26 MP: 3/3
   276 | D:1      | Found a faded altar of an unknown god.
   531 | D:1      | Reached skill level 1 in Conjurations
   808 | D:1      | HP: 1/26 [jackal (1)]
   810 | D:1      | Slain by a jackal

Illustrated notes

Levels and vault maps discovered:
D:1:      lightli_arrival_maybe_door_vault, layout_loops_ring,
          chequers_ecumenical_altar_simple_redux, hangedman_abyss_or_decor_stabs

Skill      XL: |  1  2 |
---------------+-------+-----
Conjurations   | 1 |  1.2
Fighting       | |  2.1
Staves         | |  1.0
Throwing       | |  1.0
Dodging        | |  1.5
Stealth        | |  0.7
Spellcasting   | |  1.6
Transmutations | |  2.1
Evocations     | |  1.0

Action                   || total
-------------------------++-------
Melee: Short sword       ||    25
 Cast: Magic Dart        ||    11
 Abil: Spit Poison       ||    14
  Use: Potion            ||     2
Armor: Robe              ||     8
Dodge: Dodged            ||    28
